 Dungeon Crawl Stone Soup version 0.29.0-11-gd7f09526c8 (webtiles) character file.

Game seed: 11133507139714320995

31 KamiKatze the Shield-Bearer (level 3, 0/23 HPs)
             Began as a Gargoyle Fighter on Sept 4, 2022.
             Slain by Terence
             ... wielding a +2 short sword of draining
              (2 damage)
             ... on level 2 of the Dungeon.
             The game lasted 00:02:53 (801 turns).

KamiKatze the Shield-Bearer (Gargoyle Fighter)       Turns: 801, Time: 00:02:53

Health: 0/23       AC: 10    Str: 21    XL:     3   Next: 22%
Magic:  3/3        EV:  9    Int:  8    God:
Gold:   121        SH:  4    Dex:  9    Spells: 2/2 levels left

rFire   . . .      SeeInvis .   a - +0 war axe
rCold   . . .      Faith    .   c - +0 buckler
rNeg    + . .      Spirit   .   b - +0 scale mail
rPois   ∞          Reflect  .   (no helmet)
rElec   +          Harm     .   (no cloak)
rCorr   .          Rampage  .   (no gloves)
Will    .....                   (no boots)
Stlth   ..........              i - amulet of the acrobat
HPRegen 0.07/turn               (no ring)
MPRegen 0.08/turn               (no ring)

@: no status effects
A: sickness immunity, AC +3, negative energy resistance 1, electricity
resistance, torment resistance 1, petrification resistance
a: no special abilities


You were on level 2 of the Dungeon.
You visited 1 branch of the dungeon, and saw 2 of its levels.

You collected 121 gold pieces.

Inventory:

Hand Weapons
 a - a +0 war axe (weapon)
Missiles
 g - 11 stones (quivered)
Armour
 b - a +0 scale mail (worn)
 c - a +0 buckler (worn)
Jewellery
 i - an amulet of the acrobat (around neck)
 m - a +6 ring of strength
Scrolls
 j - 2 scrolls of teleportation
 k - a scroll of vulnerability {unknown}
 n - a scroll of silence {unknown}
Potions
 d - a potion of might
 e - a potion of lignification
 f - 3 potions of flight
 h - 2 potions of curing {unknown}
 l - a potion of mutation


   Skills:
 - Level 3.2 Fighting
 + Level 2.7 Axes
 - Level 3.2 Armour
 - Level 4.0 Shields


You had 2 spell levels left.
You didn't know any spells.
Your spell library was empty.

Dungeon Overview and Level Annotations

Branches:
Dungeon (2/15)

Altars:

Annotations:
D:2 1 runed translucent door, exclusion: door, Crazy Yiuf, Natasha, Terence


Innate Abilities, Weirdness & Mutations

You are immune to sickness and miasma.
Your stone body is resilient. (AC +3)
You are immune to poison.
You resist negative energy. (rN+)
You are resistant to electric shocks. (rElec)
You are resistant to unholy torment.
You are immune to petrification.


Message History

You hit Terence but do no damage.
Terence hits you with a +2 short sword of draining.
Terence hits you with a +2 short sword of draining!
The endoplasm freezes you.
You are frozen.
* * * LOW HITPOINT WARNING * * *
You are too injured to fight recklessly!
You are too injured to fight recklessly!
You are too injured to fight recklessly!
Unknown command.
Sorry, you're not good enough to have a special ability.
Unknown command.
You hit Terence.
Terence is lightly wounded.
You barely miss the endoplasm. Terence closely misses you.
The endoplasm freezes you.
You are frozen.
* * * LOW HITPOINT WARNING * * *
Unknown command.
You slash Terence!
Terence is heavily wounded.
You slash the endoplasm!
You kill the endoplasm!
You block Terence's attack.
Unknown command.
You barely miss Terence.
Terence is heavily wounded.
Terence hits you with a +2 short sword of draining.
* * * LOW HITPOINT WARNING * * *
Terence closely misses you.
Unknown command.
You hit Terence.
Terence is severely wounded.
Terence hits you but does no damage.
Unknown command.
You hit Terence.
Terence is severely wounded.
Terence says, "Time to say good-bye..."
Terence hits you with a +2 short sword of draining.
You die...

#### #...#
#...........
#...###...........
####...'....[...[....
#......####.#..##.##.
##########.........#
###....#######.#
##...##<........#
######..####+#.#.##..#
#......###..@@.#+#
#........#...........
##........#..........#
#.........#..........+
#.....#####..........#
##.....# ######...$.#
#......# .....#
##.#....# .....#
#..#....#


You could see Terence.

Vanquished Creatures
  An adder (D:2)
  3 endoplasms
  2 giant cockroaches (D:1)
  2 goblins (D:2)
  A hobgoblin (D:1)
  3 bats
  4 frilled lizards
  3 kobolds
  2 rats (D:1)
21 creatures vanquished.

Vanquished Creatures (others)
  2 fungi (D:2)
2 creatures vanquished.

Grand Total: 23 creatures vanquished

Notes
Turn   | Place    | Note
-------+----------+-------------------------------------------
     0 | D:1      | KamiKatze the Gargoyle Fighter began the quest for the Orb.
     0 | D:1      | Reached XP level 1. HP: 14/14 MP: 1/1
    95 | D:1      | Reached XP level 2. HP: 18/19 MP: 2/2
   460 | D:2      | Found a faded altar of an unknown god.
   548 | D:2      | Reached XP level 3. HP: 22/23 MP: 3/3
   564 | D:2      | Noticed an ogre
   564 | D:2      | Noticed Natasha
   630 | D:1      | Reached skill level 4 in Shields
   750 | D:2      | Found a runed translucent door.
   751 | D:2      | Noticed Crazy Yiuf
   793 | D:2      | Noticed Terence
   801 | D:2      | Slain by Terence

Illustrated notes

Levels and vault maps discovered:
D:1:      dpeg_arrival_tiny_a, layout_rooms, minmay_pentomino_x2
D:2:      layout_basic, dreamdust_ecumenical_altar_hidden_monk_grotto,
          uniq_natasha, uniq_terence, uniq_crazy_yiuf_cottage

Skill      XL: |  1  2  3 |
---------------+----------+-----
Axes           | 2 |  2.7
Shields        | 4 |  4.0
Fighting       | |  3.2
Armour         | |  3.2

Action                   || total
-------------------------++-------
Melee: War axe           ||    75
  Use: Scroll            ||     4
Armor: Scale mail        ||    37
Dodge: Dodged            ||    54
Block: Buckler           ||    26
